 Dungeon Crawl Stone Soup version 0.16.2-12-gd0ad4c3 (webtiles) character file.

215345 faibistes the Eclecticist (level 18, -14/104 HPs)
             Began as a Deep Elf Wizard on Mar 28, 2018.
             Was the Champion of Sif Muna.
             Demolished by Saint Roka
             ... wielding a +1 glaive of protection
              (36 damage)
             ... on level 2 of the Orcish Mines on Mar 29, 2018.
             The game lasted 04:09:46 (78547 turns).

faibistes the Eclecticist (Deep Elf Wizard)        Turns: 78547, Time: 04:09:46

Health: -14/104    AC: 17    Str:  8    XL:     18   Next: 70%
Magic:  3/43       EV: 23    Int: 32    God:    Sif Muna [******]
Gold:   1367       SH:  0    Dex: 17    Spells: 11 memorised, 3 levels left

rFire  + + .     SeeInvis .     w - +8 dagger of Hyluit {holy, rC+ Dex+4}
rCold  . . .     Clarity  .     S - +2 robe {MR+}
rNeg   + . .     SustAb   .     (no shield)
rPois  .         Gourm    .     M - +2 hat of Clir Noimam {rF+ Str+4}
rElec  .         Spirit   .     P - +2 cloak {+Inv}
rCorr  .         Warding  +     j - +2 pair of gloves
rMut   .         Stasis   .     i - +2 pair of boots {Stlth+}
MR     ++...                    p - amulet of warding
Stlth  +++.......               y - +4 ring of evasion
                                H - ring of fire

@: deflect missiles, very resistant to hostile enchantments, fairly stealthy
A: thin metallic scales 1, sense surroundings 1
a: Channel Energy, Forget Spell, Renounce Religion, Evoke Invisibility


You were on level 2 of the Orcish Mines.
You worshipped Sif Muna.
Sif Muna was exalted by your worship.
You were not hungry.

You visited 7 branches of the dungeon, and saw 41 of its levels.
You also visited: Ossuary.

You collected 4137 gold pieces.
You spent 2770 gold pieces at shops.

Inventory:

Hand weapons
 w - the +8 dagger of Hyluit (weapon) {holy, rC+ Dex+4}
   (You found it on level 8 of the Lair of Beasts)

   It has been blessed by the Shining One to cause great damage to the undead
   and demons.
   It affects your dexterity (+4).
   It protects you from cold.
Armour
 i - a +2 pair of boots of stealth (worn)
 j - a +2 pair of gloves (worn)
 M - the +2 hat of Clir Noimam (worn) {rF+ Str+4}
   (You found it on level 3 of the Spider Nest)

   It affects your strength (+4).
   It protects you from fire.
 P - a +2 cloak of invisibility (worn)
 S - a +2 robe of magic resistance (worn)
Jewellery
 b - an uncursed ring of ice
 o - an uncursed ring of poison resistance
 p - an amulet of warding (around neck)
 x - an uncursed amulet of resist corrosion
 y - a +4 ring of evasion (right hand)
 E - an uncursed ring of see invisible
 F - an uncursed amulet of resist mutation
 H - a ring of fire (left hand)
 R - an uncursed ring of protection from magic
 V - the ring "Hehurr" {-Tele +Fly rElec rC+ Str+5 Stlth+}
   (You found it on level 1 of the Spider Nest)

   [ring of protection from cold]

   It affects your strength (+5).
   It protects you from cold.
   It insulates you from electricity.
   It lets you fly.
   It prevents most forms of teleportation.
   It makes you more stealthy.
Magical devices
 a - a wand of disintegration (12)
 c - a wand of fire (3)
 d - a wand of lightning (3)
 C - a wand of digging (12)
 K - a wand of enslavement (13)
 W - a wand of cold (11)
 X - a wand of polymorph (14)
 Y - a wand of fire (2)
Scrolls
 e - 2 scrolls of fog
 g - 16 scrolls of remove curse
 n - 4 scrolls of fear
 r - 5 scrolls of magic mapping
 D - 7 scrolls of identify
 G - 3 scrolls of immolation
 J - 4 scrolls of recharging
 Q - 12 scrolls of teleportation
 T - 3 scrolls of blinking
Potions
 h - 8 potions of curing
 k - a potion of resistance
 l - 3 potions of invisibility
 q - a potion of cancellation
 s - 2 potions of haste
 u - 7 potions of brilliance
 z - 2 potions of cure mutation
 A - 5 potions of restore abilities
 B - a potion of ambrosia
 I - 8 potions of flight
 O - 5 potions of heal wounds
 U - a potion of magic
Miscellaneous
 t - a phial of floods
Comestibles
 f - a chunk of flesh
 L - 16 meat rations
 N - a bread ration
 Z - 13 fruits


   Skills:
 + Level 8.9 Fighting
 - Level 10.0 Dodging
 - Level 2.4 Stealth
 * Level 18.9 Spellcasting
 * Level 14.2 Conjurations
 - Level 12.0 Charms
   Level 5.0 Summonings
 - Level 7.0 Translocations
 - Level 3.0 Transmutations
 * Level 14.3 Fire Magic
 - Level 3.1 Air Magic
 * Level 14.6 Earth Magic
   Level 2.5 Poison Magic
 - Level 10.0 Invocations
 - Level 9.0 Evocations


You had 3 spell levels left.
You knew the following spells:

 Your Spells              Type           Power        Failure   Level  Hunger
a - Airstrike             Air            ######....   4%          4    None
b - Ring of Flames        Chrm/Fire      ########..   6%          7    ###....
d - Blink                 Tloc           N/A          1%          2    None
f - Deflect Missiles      Chrm/Air       ######....   12%         6    None
g - Magic Dart            Conj           ####         0%          1    None
h - Haste                 Chrm           #######.     1%          6    None
i - Ignite Poison         Fire/Trmt      #######...   1%          5    None
l - Lee's Rapid Deconstr  Erth           #######...   1%          5    None
v - Bolt of Fire          Conj/Fire      ########..   1%          6    None
x - Force Lance           Conj/Tloc      #######.     1%          4    None
z - Fireball              Conj/Fire      ########..   1%          5    None


Dungeon Overview and Level Annotations

Branches:
Dungeon (15/15)            Temple (1/1) D:7            Lair (8/8) D:8
  Swamp (5/5) Lair:4       Spider (5/5) Lair:5        Slime (0/6) Lair:7
    Orc (4/4) D:9             Elf (3/3) Orc:4        Vaults (0/5) D:14
 Depths (0/5) D:15

Altars:
Ashenzari
Cheibriados
Dithmenos
Elyvilon
Fedhas
Gozag
Kikubaaqudgha
Makhleb
Nemelex Xobeh
Okawaru
Qazlal
Ru
Sif Muna
Trog
Vehumet
Xom
Yredelemnul
Zin
The Shining One
Beogh

Shops:
D:5 %   D:9 :   D:15 *   Orc:1 %   Orc:3 [%   Orc:4 [([!

Annotations:
Orc:2 Saint Roka


Innate Abilities, Weirdness & Mutations

You are partially covered in thin metallic scales (AC +2).
You passively map a small area around you.


Message History

Press: ? - help, Shift-Dir - straight line, f/p - Saint Roka
Aim: Saint Roka, wielding a glaive of protection and wearing a shiny plate armour (flame, severely wounded)
You hear a mighty clap of thunder!
The bolt of lightning hits Saint Roka.
Saint Roka is severely wounded.
The bolt of lightning misses Saint Roka.
Evoking this partially-identified wand wasted a few charges.
Saint Roka invokes the aid of Beogh against you.
Something smites you!
* * * LOW HITPOINT WARNING * * *
Evoke which item? (* to show all) (? for menu, Esc to quit)
Zapping:
Y - a wand of fire (will waste charges)
Press: ? - help, Shift-Dir - straight line, f/p - Saint Roka
Aim: Saint Roka, wielding a glaive of protection and wearing a shiny plate armour (flame, severely wounded)
The bolt of fire hits Saint Roka.
Saint Roka resists.
Saint Roka is severely wounded.
Evoking this partially-identified wand wasted a few charges.
Saint Roka is engulfed in roaring flames.
Saint Roka hits you from afar with a glaive of protection!!!
You die...

#.............#......##
##.#..#.........)...<.#
###...#...[.)..[....##
##.#..#.#...........##
#....................#
##..........#........##
#......o.§.#.....#....##
##....§§.>......####...#
###.#.@#......## ##.##
##.§§§#.#.### ###
##..###### ####


You could see Saint Roka.

Vanquished Creatures
  A deep elf blademaster (Elf:2)
  A thorn hunter (Swamp:1)
  Agnes (Swamp:2)
  A deep elf sorcerer (Elf:1)
  Maud (Lair:7)
  2 orc warlords
  2 emperor scorpions
  A very ugly thing (Swamp:3)
  A dire elephant (D:15)
  A deep elf annihilator (Elf:2)
  Snorg (Lair:4)
  A deep elf death mage (Elf:2)
  4 vault guards
  A fire dragon (D:15)
  Fannar (D:11)
  19 hydras
  Nessos (D:12)
  A catoblepas (Lair:6)
  Erica (D:12)
  4 centaur warriors
  A tengu warrior (D:14)
  11 dancing weapons (Elf:2)
  12 death yaks
  9 alligators
  Nergalle (D:13)
  The ghost of faibistes the Thaumaturge, an experienced DEWz of Sif Muna (D:9)
  The ghost of faibistes the Thaumaturge, an experienced DEWz of Sif Muna (Lair:1)
  22 deep elf knights
  5 spriggan druids
  3 unseen horrors
  8 swamp dragons
  2 shambling mangroves (Swamp:4)
  4 orc knights
  5 deep elf summoners (Elf:1)
  Erolcha (Orc:1)
  A necromancer (Lair:2)
  13 deep elf conjurers
  19 wolf spiders
  4 griffons
  10 hill giants
  5 orc sorcerers
  5 hornets
  An orb spider (shapeshifter) (D:14)
  10 oklob plants
  A salamander (D:15)
  16 orb spiders
  2 cyclopes
  3 manticores (D:15)
  17 ugly things
  2 moths of wrath (Spider:4)
  Maurice (D:8)
  Joseph (D:8)
  4 elephants
  3 black mambas
  32 spiny frogs
  A gargoyle (D:14)
  3 torpor snails
  A molten gargoyle (D:14)
  A queen ant (Lair:3)
  3 fire drakes
  13 komodo dragons
  16 demonic crawlers
  4 wandering mushrooms (D:14)
  A tengu conjurer (D:14)
  7 trolls
  10 deep elf priests
  6 giant leeches
  Grinder (D:3)
  A polar bear (Lair:6)
  Prince Ribbit (D:6)
  21 jumping spiders
  2 baby alligators (Swamp:2)
  14 bog bodies
  11 slime creatures
  2 boulder beetles
  A boulder beetle (shapeshifter) (D:14)
  15 blink frogs
  9 spriggans
  4 two-headed ogres
  9 ravens
  39 redbacks
  15 trapdoor spiders
  2 basilisks
  18 deep elf magi
  16 tarantellas
  5 shadows
  Eustachio (D:6)
  4 mottled dragons
  25 vampire mosquitoes
  A hungry ghost (D:11)
  A fire elemental (D:14)
  48 yaks
  9 wolves
  10 wargs
  13 hippogriffs
  20 insubstantial wisps
  24 water moccasins
  20 deep elf fighters
  9 soldier ants
  18 porcupines
  20 swamp worms
  3 sky beasts
  21 spiders
  An eye of draining (D:13)
  4 ice beasts
  A phantom (D:8)
  15 swamp drakes
  A necrophage (D:8)
  42 orc warriors
  11 wasps
  A black bear (D:9)
  14 centaurs
  4 boring beetles
  15 ogres
  A big kobold (D:10)
  Duvessa (Orc:1)
  A brain worm (D:11)
  22 crocodiles
  5 elf zombies
  33 giant frogs
  Blork the orc (D:5)
  An elf skeleton (D:8)
  A water moccasin zombie (D:9)
  7 scorpions
  12 killer bees
  A lava snake (D:8)
  2 oklob saplings (D:14)
  3 electric eels (Lair:8)
  9 wights
  5 goliath beetles
  Dowan (Orc:1)
  2 crimson imps
  4 centaur zombies
  A giant frog zombie (D:6)
  2 human zombies
  A quasit (D:13)
  3 jellies
  38 orc wizards
  Crazy Yiuf (D:2)
  5 centaur skeletons
  8 hounds
  2 hell rats (Elf:1)
  36 orc priests
  Natasha (thrice) (D:6)
  2 giant frog skeletons
  11 iguanas
  3 yak simulacra (Lair:2)
  2 big kobold zombies (Ossuary)
  3 polar bear simulacra (Lair:2)
  37 sheep
  4 wolf simulacra (Lair:2)
  44 worker ants
  2 hound zombies (Ossuary)
  4 mummies
  A hound skeleton (D:7)
  Robin (D:2)
  23 adders
  68 river rats
  4 shadow imps
  12 white imps (Swamp:2)
  A giant mite (D:6)
  2 worms
  An adder skeleton (D:8)
  4 adder zombies (Ossuary)
  7 giant geckos
  239 orcs
  A bat skeleton (D:8)
  5 giant cockroaches
  4 gnoll zombies (Ossuary)
  30 goblins
  24 hobgoblins
  10 jackals
  3 ball pythons
  19 bats
  A giant gecko zombie (D:8)
  5 giant newts
  4 goblin zombies (Ossuary)
  4 hobgoblin zombies (Ossuary)
  A jackal skeleton (D:4)
  4 jackal zombies (Ossuary)
  18 kobolds
  A kobold zombie (Ossuary)
  An orc skeleton (D:8)
  2 orc zombies
  19 quokkas
  A quokka skeleton (D:9)
  13 rats
  5 rat zombies (Ossuary)
  A river rat simulacrum (Lair:2)
  3 bushes
  9 fungi
  3 plants
  A snaplasher vine (Lair:4)
  A snaplasher vine segment (Lair:8)
1770 creatures vanquished.

Vanquished Creatures (collateral kills)
  An orc knight (Orc:4)
  2 elephants (Lair:4)
  A spiny frog (Lair:4)
  A blink frog (Lair:4)
  2 yaks (Lair:4)
  3 wolves (Lair:4)
  An orc warrior (Orc:4)
  6 soldier ants (Lair:4)
  A water moccasin (Lair:4)
  An ogre (Orc:1)
  A giant frog (Lair:4)
  An orc priest (Orc:2)
  9 worker ants
  3 sheep
  25 river rats
  A worm (D:1)
  31 orcs
  4 goblins
  A jackal (D:4)
  A kobold (D:4)
  A rat (D:2)
  9 fungi
  5 plants
111 creatures vanquished.

Vanquished Creatures (others)
  2 deep elf knights
  A deep elf conjurer (Elf:1)
  A bog body (Swamp:3)
  A raven (Swamp:4)
  A deep elf fighter (Orc:4)
  A vampire (D:14)
  A wasp (D:9)
  A hound (D:14)
  An orc wizard (D:14)
  A giant spore (D:14)
  A ballistomycete (D:14)
  2 bushes (Lair:8)
  39 fungi
  21 plants
  6 snaplasher vines
  861 snaplasher vine segments
941 creatures vanquished.

Grand Total: 2822 creatures vanquished

Notes
Turn   | Place    | Note
--------------------------------------------------------------
     0 | D:1      | faibistes, the Deep Elf Wizard, began the quest for the Orb.
     0 | D:1      | Reached XP level 1. HP: 10/10 MP: 6/6
   277 | D:1      | Reached XP level 2. HP: 15/15 MP: 2/10
   952 | D:1      | Reached skill level 5 in Spellcasting
  1237 | D:1      | Reached XP level 3. HP: 19/19 MP: 10/14
  1241 | D:1      | Learned a level 2 spell: Repel Missiles
  1244 | D:1      | Learned a level 2 spell: Blink
  1247 | D:1      | Learned a level 2 spell: Call Imp
  1251 | D:1      | Learned a level 3 spell: Conjure Flame
  1683 | D:2      | Found an iron altar of Okawaru.
  1837 | D:2      | Reached XP level 4. HP: 21/24 MP: 9/17
  1852 | D:1      | Learned a level 3 spell: Mephitic Cloud
  2266 | D:2      | Found a glowing golden altar of the Shining One.
  2509 | D:2      | Noticed Robin
  2522 | D:2      | Killed Robin
  3222 | D:2      | Noticed Crazy Yiuf
  3231 | D:2      | Killed Crazy Yiuf
  3231 | D:2      | Reached XP level 5. HP: 28/28 MP: 8/20
  3488 | D:3      | Found a snail-covered altar of Cheibriados.
  3530 | D:4      | Reached skill level 6 in Spellcasting
  3583 | D:5      | Entered Level 5 of the Dungeon
  3622 | D:3      | Noticed Grinder
  3624 | D:3      | Paralysed by Grinder for 2 turns
  3627 | D:3      | Killed Grinder
  3627 | D:3      | Reached XP level 6. HP: 24/32 MP: 15/22
  3642 | D:3      | Learned a level 3 spell: Stone Arrow
  3910 | D:3      | Reached skill level 7 in Spellcasting
  4100 | D:3      | Reached skill level 1 in Evocations
  4212 | D:3      | Reached skill level 1 in Fighting
  4352 | D:3      | Learned a level 3 spell: Passwall
  4742 | D:4      | Noticed an ogre
  4749 | D:4      | Killed an ogre
  4749 | D:4      | Reached XP level 7. HP: 38/38 MP: 16/25
  5273 | D:5      | Noticed a centaur
  5360 | D:5      | Killed a centaur
  5360 | D:5      | Reached skill level 5 in Dodging
  5377 | D:5      | Reached skill level 8 in Spellcasting
  5536 | D:5      | Found an ancient bone altar of Kikubaaqudgha.
  5697 | D:5      | Found an opulent altar of Gozag.
  5890 | D:5      | Noticed Blork the orc
  5898 | D:5      | Killed Blork the orc
  5987 | D:5      | Reached XP level 8. HP: 45/45 MP: 18/27
  5996 | D:5      | Found Sadahe's Food Emporium.
  6036 | D:5      | Found a bloodstained altar of Trog.
  6483 | D:6      | Noticed Prince Ribbit
  6494 | D:6      | Killed Prince Ribbit
  6494 | D:6      | Reached skill level 9 in Spellcasting
  6776 | D:6      | Noticed Natasha
  6784 | D:6      | Killed Natasha
  7148 | D:6      | Found a deep blue altar of Sif Muna.
  7153 | D:6      | Noticed Natasha
  7167 | D:6      | Killed Natasha
  7202 | D:6      | Became a worshipper of Sif Muna the Loreminder
  7433 | D:6      | Noticed Eustachio
  7444 | D:6      | Killed Eustachio
  7444 | D:6      | Reached skill level 1 in Earth Magic
  7447 | D:6      | Reached skill level 1 in Fire Magic
  7447 | D:6      | Reached skill level 1 in Air Magic
  7616 | D:6      | Reached skill level 10 in Spellcasting
  7676 | D:6      | Reached XP level 9. HP: 51/51 MP: 15/30
  7844 | D:6      | Noticed Natasha
  7844 | D:6      | Killed Natasha
  7918 | D:8      | Acquired Sif Muna's first power
  7970 | D:8      | Noticed Maurice
  8012 | D:8      | Found a sand-covered staircase.
  8028 | Ossuary  | Entered an ossuary
  9152 | D:8      | Reached skill level 1 in Poison Magic
  9539 | D:7      | Found a staircase to the Ecumenical Temple.
  9546 | D:7      | Reached skill level 5 in Conjurations
  9584 | D:8      | Acquired Sif Muna's second power
  9875 | D:10     | Entered Level 10 of the Dungeon
 10248 | Temple   | Entered the Ecumenical Temple
 10444 | D:7      | Found a radiant altar of Vehumet.
 10444 | D:7      | Found a sacrificial altar of Ru.
 11199 | D:8      | Found a staircase to the Lair.
 11543 | D:8      | Reached skill level 1 in Charms
 11603 | D:8      | Reached skill level 11 in Spellcasting
 11603 | D:8      | Reached XP level 10. HP: 56/56 MP: 20/32
 12242 | D:8      | Noticed Joseph
 12254 | D:8      | Killed Maurice
 12254 | D:8      | Reached skill level 1 in Transmutations
 12397 | D:8      | Killed Joseph
 12397 | D:8      | Reached skill level 1 in Invocations
 12858 | Lair:1   | Entered Level 1 of the Lair of Beasts
 13121 | Lair:1   | Noticed faibistes' ghost (experienced DEWz)
 13498 | D:8      | Acquired Sif Muna's third power
 13640 | D:8      | Learned a level 4 spell: Petrify
 13646 | D:8      | Learned a level 5 spell: Lee's Rapid Deconstruction
 13761 | D:8      | Reached skill level 5 in Summonings
 13848 | Lair:1   | Killed faibistes' ghost
 13848 | Lair:1   | Reached skill level 5 in Evocations
 14149 | Lair:1   | Reached XP level 11. HP: 34/61 MP: 11/33
 14469 | Lair:1   | Learned a level 5 spell: Summon Forest
 14789 | Lair:1   | Gained mutation: You passively map a small area around you. [potion of beneficial mutation]
 15067 | Lair:2   | Reached skill level 12 in Spellcasting
 15273 | Lair:3   | Gained mutation: You are partially covered in thin metallic scales (AC +2). [potion of beneficial mutation]
 16447 | Lair:2   | Noticed a necromancer
 16456 | Lair:2   | Killed a necromancer
 16897 | Lair:2   | Reached skill level 5 in Earth Magic
 17408 | Lair:3   | Reached skill level 5 in Fire Magic
 19187 | Lair:3   | Reached skill level 5 in Invocations
 19783 | Lair:4   | Reached XP level 12. HP: 55/67 MP: 23/35
 19870 | Lair:4   | Reached skill level 5 in Translocations
 20022 | Lair:4   | Noticed a death yak
 20037 | Lair:4   | Killed a death yak
 20153 | Lair:4   | Noticed a death yak
 20158 | Lair:4   | Noticed a death yak
 20159 | Lair:4   | Noticed a death yak
 20160 | Lair:4   | Noticed a death yak
 20161 | Lair:4   | Noticed a death yak
 20163 | Lair:4   | Killed a death yak
 20163 | Lair:4   | Reached skill level 13 in Spellcasting
 20183 | Lair:3   | Killed a death yak
 20183 | Lair:3   | Received a gift from Sif Muna
 20183 | Lair:3   | Reached skill level 5 in Charms
 20184 | Lair:3   | Identified Sif Muna's Grimoire of Attacks (Sif Muna gifted it to you on level 3 of the Lair of Beasts)
 20191 | Lair:3   | Learned a level 5 spell: Bolt of Magma
 20682 | Lair:4   | Killed a death yak
 20686 | Lair:4   | Killed a death yak
 20686 | Lair:4   | Reached skill level 5 in Fighting
 20689 | Lair:4   | Killed a death yak
 21554 | Lair:4   | Learned a level 5 spell: Fireball
 21851 | Lair:3   | HP: 3/68 [poisoned by a queen ant]
 21859 | Lair:3   | HP: 3/68 [poisoned by a queen ant]
 22197 | Lair:4   | Noticed Snorg
 22204 | Lair:4   | Killed Snorg
 22366 | Lair:4   | Found a staircase to the Swamp.
 22769 | Lair:5   | Found a hole to the Spider Nest.
 22770 | Lair:5   | Reached XP level 13. HP: 72/72 MP: 30/36
 26531 | Lair:6   | Received a gift from Sif Muna
 26544 | Lair:6   | Learned a level 4 spell: Force Lance
 27493 | Lair:6   | Reached skill level 14 in Spellcasting
 28304 | Lair:8   | Entered Level 8 of the Lair of Beasts
 28783 | Lair:7   | Reached XP level 14. HP: 59/79 MP: 7/38
 29969 | Lair:7   | Noticed Maud
 29977 | Lair:7   | Killed Maud
 30893 | Lair:7   | Found a staircase to the Slime Pits.
 30987 | Lair:7   | Received a gift from Sif Muna
 30988 | Lair:7   | Identified Soruh's Guide on Attacks (Sif Muna gifted it to you on level 7 of the Lair of Beasts)
 30997 | Lair:7   | Learned a level 6 spell: Bolt of Fire
 31854 | Lair:8   | Got a fine dagger
 31855 | Lair:8   | Identified the +8 dagger of Hyluit {holy, rC+ Dex+4} (You found it on level 8 of the Lair of Beasts)
 33111 | D:9      | Noticed faibistes' ghost (experienced DEWz)
 33115 | D:9      | Killed faibistes' ghost
 33387 | D:9      | Found a staircase to the Orcish Mines.
 33420 | D:10     | Noticed a centaur zombie
 33430 | D:10     | Killed a centaur zombie
 33513 | D:9      | Reached skill level 10 in Dodging
 34114 | D:9      | Found Thaczept's Book Boutique.
 34120 | D:9      | Bought a book of Clouds for 540 gold pieces
 34120 | D:9      | Bought a book of Fire for 780 gold pieces
 34171 | D:9      | Found a stormy altar of Qazlal.
 35034 | Orc:1    | Entered Level 1 of the Orcish Mines
 35220 | Orc:4    | Entered Level 4 of the Orcish Mines
 35220 | Orc:4    | Noticed Saint Roka
 35303 | Orc:3    | Found Pikyen's Armour Emporium.
 35747 | Orc:1    | Found Thrar's Food Emporium.
 35995 | Orc:1    | Noticed Erolcha
 36002 | Orc:1    | Killed Erolcha
 36348 | Orc:2    | Found a roughly hewn altar of Beogh.
 36698 | Orc:1    | Noticed Duvessa
 36699 | Orc:1    | Noticed Dowan
 36703 | Orc:1    | Killed Duvessa
 36703 | Orc:1    | Killed Dowan
 37808 | Orc:4    | Noticed an orc warlord
 37979 | Orc:3    | Killed an orc warlord
 38131 | Orc:3    | Reached skill level 15 in Spellcasting
 38200 | Orc:4    | Reached skill level 10 in Earth Magic
 40065 | Orc:3    | Reached XP level 15. HP: 84/84 MP: 8/39
 40386 | Orc:3    | Found Ysuskyox's Food Emporium.
 41437 | Orc:4    | Found a roughly hewn altar of Beogh.
 41441 | Orc:4    | Found Stil's Distillery.
 41450 | Orc:4    | Bought a potion of degeneration for 15 gold pieces
 41450 | Orc:4    | Bought a potion of heal wounds for 75 gold pieces
 41450 | Orc:4    | Bought a potion of curing for 45 gold pieces
 41450 | Orc:4    | Bought a potion of heal wounds for 75 gold pieces
 41450 | Orc:4    | Bought a potion of poison for 15 gold pieces
 41452 | Orc:4    | Bought a potion of lignification for 45 gold pieces
 41545 | Orc:4    | Found a staircase to the Elven Halls.
 41607 | Orc:4    | Found a roughly hewn altar of Beogh.
 41990 | Orc:4    | Reached skill level 10 in Fire Magic
 42304 | Orc:4    | Noticed an orc warlord
 42450 | Orc:4    | Found a roughly hewn altar of Beogh.
 42531 | Orc:4    | Found a roughly hewn altar of Beogh.
 42531 | Orc:4    | Found Twauwueg's Antique Armour Shop.
 42632 | Orc:4    | Bought an ancient robe for 148 gold pieces
 42632 | Orc:4    | Bought a pair of embroidered gloves for 117 gold pieces
 42642 | Orc:4    | Identified the +0 robe of Greed {Regen+ Str+5 Int-4} (You bought it in a shop on level 4 of the Orcish Mines)
 42756 | Orc:4    | Killed an orc warlord
 42942 | Orc:4    | Received a gift from Sif Muna
 42943 | Orc:4    | Identified Sif Muna's Reference Book on Supportive Flames (Sif Muna gifted it to you on level 4 of the Orcish Mines)
 43002 | Orc:4    | Found a roughly hewn altar of Beogh.
 43002 | Orc:4    | Found Wissaes' Antique Armour Shoppe.
 43007 | Orc:4    | Found Toruwn's Antique Weapon Emporium.
 43047 | Orc:4    | Bought a pair of runed boots for 135 gold pieces
 43425 | D:9      | Bought a book of the Sky for 780 gold pieces
 43620 | Lair:2   | Learned a level 4 spell: Airstrike
 43629 | Lair:2   | Learned a level 6 spell: Deflect Missiles
 44160 | Elf:1    | Entered Level 1 of the Elven Halls
 44916 | Elf:1    | Reached skill level 10 in Conjurations
 44963 | Elf:1    | Reached skill level 10 in Invocations
 45337 | Elf:1    | Identified Iskenderun's Almanac of Scorching Confrontation
 46489 | Elf:3    | Entered Level 3 of the Elven Halls
 46738 | Elf:2    | Received a gift from Sif Muna
 47119 | Elf:2    | Reached skill level 16 in Spellcasting
 47260 | Elf:2    | Found a huge runed gate.
 47261 | Elf:2    | Found a huge runed gate.
 47264 | Elf:2    | Found a huge runed gate.
 47975 | Elf:2    | Reached XP level 16. HP: 92/92 MP: 3/40
 48240 | Elf:2    | Noticed a deep elf blademaster
 48240 | Elf:2    | Reached skill level 10 in Charms
 48241 | Elf:2    | Killed a deep elf blademaster
 49727 | Lair:2   | Learned a level 5 spell: Ignite Poison
 49735 | Lair:2   | Learned a level 6 spell: Haste
 49822 | Spider:1 | Entered Level 1 of the Spider Nest
 51572 | Spider:1 | Received a gift from Sif Muna
 51573 | Spider:1 | Identified Ymuerroo's Grimoire of the Birds (Sif Muna gifted it to you on level 1 of the Spider Nest)
 51748 | Spider:1 | Got a scorched iron ring
 51750 | Spider:1 | Identified the ring "Hehurr" {-Tele +Fly rElec rC+ Str+5 Stlth+} (You found it on level 1 of the Spider Nest)
 51836 | Spider:1 | Identified a scroll of acquirement
 51837 | Spider:1 | Identified the Papyrus of Scorching Confrontation (You acquired it on level 1 of the Spider Nest)
 54705 | Spider:3 | Got a faintly glowing hat
 54716 | Spider:3 | Identified the +2 hat of Clir Noimam {rF+ Str+4} (You found it on level 3 of the Spider Nest)
 54898 | Swamp:1  | Entered Level 1 of the Swamp
 55593 | Swamp:1  | Reached skill level 17 in Spellcasting
 56410 | Swamp:1  | Reached XP level 17. HP: 96/96 MP: 21/41
 56857 | Swamp:2  | Noticed Agnes
 56864 | Swamp:2  | Killed Agnes
 57049 | Swamp:2  | Received a gift from Sif Muna
 57089 | Swamp:2  | Identified Sif Muna's Disquisition on Stones (Sif Muna gifted it to you on level 2 of the Swamp)
 58499 | Swamp:5  | Entered Level 5 of the Swamp
 61143 | Spider:5 | Entered Level 5 of the Spider Nest
 61325 | Lair:2   | Learned a level 7 spell: Ring of Flames
 63919 | Spider:4 | Received a gift from Sif Muna
 65271 | Swamp:4  | Found an opulent altar of Gozag.
 65645 | Swamp:4  | Reached skill level 18 in Spellcasting
 68842 | D:10     | Reached XP level 18. HP: 104/104 MP: 28/43
 70328 | D:11     | Found an opulent altar of Gozag.
 70354 | D:11     | Noticed Fannar
 70356 | D:11     | Killed Fannar
 70356 | D:11     | Received a gift from Sif Muna
 70366 | D:11     | Identified Plodeot's Compendium of Helpful Translocation (Sif Muna gifted it to you on level 11 of the Dungeon)
 71327 | D:12     | Noticed Erica
 71329 | D:12     | Killed Erica
 71442 | D:13     | Noticed Nergalle
 71680 | D:13     | Killed Nergalle
 71754 | D:12     | Found a radiant altar of Vehumet.
 72317 | D:12     | Noticed Nessos
 72322 | D:12     | Killed Nessos
 73199 | D:14     | Found a gate to the Vaults.
 73491 | D:15     | Entered Level 15 of the Dungeon
 74867 | D:14     | Found a blossoming altar of Fedhas.
 75585 | D:14     | Got an ichor-stained bardiche
 75586 | D:14     | Identified the +7 bardiche "Mnassuigg" {chop, -Tele rPois MR+} (You found it on level 14 of the Dungeon)
 76009 | D:15     | Found Paaxed's Assorted Antiques.
 76131 | D:15     | Received a gift from Sif Muna
 76133 | D:15     | Identified Sif Muna's Reference Book on Stones and Conjuration (Sif Muna gifted it to you on level 15 of the Dungeon)
 77699 | D:15     | Found a staircase to the Depths.
 77898 | D:15     | Found a blossoming altar of Fedhas.
 78062 | D:15     | Got an ivory long sword
 78063 | D:15     | Identified the cursed +2 long sword "Greag" {vamp, rN+ Str+6 Dex-2} (You found it on level 15 of the Dungeon)
 78547 | Orc:2    | Demolished by Saint Roka

Action                   |  1- 3 |  4- 6 |  7- 9 | 10-12 | 13-15 | 16-18 || total
-------------------------+-------+-------+-------+-------+-------+-------++-------
Melee: Unarmed           |     5 |       |       |       |       |       ||     5
       Club              |     2 |       |       |       |       |       ||     2
       Dagger            |     1 |    21 |    64 |   308 |   412 |     1 ||   807
       Staff             |       |       |       |       |       |    51 ||    51
 Cast: Magic Dart        |    89 |   111 |   190 |   138 |    52 |       ||   580
       Call Imp          |     6 |       |     3 |       |       |       ||     9
       Blink             |     1 |       |     1 |    20 |    25 |     5 ||    52
       Repel Missiles    |     1 |       |       |       |     4 |       ||     5
       Mephitic Cloud    |       |     5 |    29 |    35 |     5 |       ||    74
       Conjure Flame     |       |     6 |    80 |    76 |    30 |       ||   192
       Stone Arrow       |       |    10 |    99 |   154 |       |       ||   263
       Passwall          |       |     4 |       |     1 |       |       ||     5
       Petrify           |       |       |       |    34 |     6 |       ||    40
       Lee's Rapid Decon |       |       |       |    47 |   121 |    92 ||   260
       Summon Forest     |       |       |       |    10 |    13 |       ||    23
       Fireball          |       |       |       |    23 |   385 |   286 ||   694
       Bolt of Magma     |       |       |       |     8 |    20 |       ||    28
       Force Lance       |       |       |       |       |    85 |    70 ||   155
       Bolt of Fire      |       |       |       |       |    96 |   254 ||   350
       Airstrike         |       |       |       |       |    19 |   117 ||   136
       Deflect Missiles  |       |       |       |       |     3 |     4 ||     7
       Ignite Poison     |       |       |       |       |       |   124 ||   124
       Haste             |       |       |       |       |       |     5 ||     5
       Ring of Flames    |       |       |       |       |       |    33 ||    33
Invok: Channel Energy    |       |       |     1 |    38 |    41 |    57 ||   137
       Forget Spell      |       |       |       |     2 |     2 |     3 ||     7
 Abil: Evoke Invisibilit |       |       |       |       |     5 |     1 ||     6
Evoke: Wand              |       |       |       |     1 |    10 |    12 ||    23
       Lamp of fire      |       |       |       |       |     1 |       ||     1
  Use: Scroll            |     3 |    10 |     9 |     9 |     8 |    15 ||    54
       Potion            |       |       |       |     5 |       |     8 ||    13
 Stab: Sleeping          |     1 |       |     1 |     1 |     2 |       ||     5
       Confused          |       |       |    11 |       |       |       ||    11
       Distracted        |       |       |       |     2 |       |       ||     2
       Petrified         |       |       |       |     1 |       |       ||     1
       Invisible         |       |       |       |       |     1 |       ||     1
  Eat: Chunk             |     3 |     6 |    14 |    31 |    76 |    24 ||   154
       Royal jelly       |       |     1 |       |     2 |     1 |     3 ||     7
       Fruit             |       |       |     3 |     5 |     7 |    14 ||    29
       Meat ration       |       |       |     1 |       |       |       ||     1
       Beef jerky        |       |       |       |     2 |     4 |     5 ||    11
       Pizza             |       |       |       |       |     5 |     4 ||     9
       Bread ration      |       |       |       |       |       |    12 ||    12
